AoeStats
← darador86

African Clearing

510450170Analyzed
4v4 RM · 2d ago on Oct 1, 2026· 27m 21s· 8 players
Game mode
Random Map
Map size
Large (8 player)
Population
200
Speed
Normal
Resources
Standard
Victory
Conquest
Starting age
Dark Age
Ending age
Imperial Age
RankedLock teamsTeams togetherTeam positionsShared explorationLock speedFull tech treeHidden civsTurbo modeCheats
Victory
Defeat
🇨🇳 Turks · China
717
+13
🇺🇸 Aztecs · United States
713
+13
🇨🇱 Persians · Chile
700
+13
🇦🇷 Britons · Argentina
662
+14
🇲🇽 Italians · Mexico
679
-15
🇲🇽 Celts · Mexico
641
-13
🇨🇴 Khmer · Colombia
622
-13
🇧🇷 Persians · Brazil
610
-12
memito101091
5:27 Loom
millo_emi
4:57 Loom
17:20 Feudal Age
18:39 Wheelbarrow
17:48 Horse Collar
18:01 Stone Mining
18:04 Double-Bit Axe
18:12 Town Watch
18:27 Stone Mining
acardonahenao99
12:46 Loom
19:54 Feudal Age
KatorZ
6:12 Loom
17:28 Feudal Age
SoapyCoder
5:41 Loom
19:58 Feudal Age
22:09 Double-Bit Axe
22:54 Man-at-Arms
25:12 Forging
28:23 Castle Age
27:16 Arson
darador86
16:56 Feudal Age
19:15 Double-Bit Axe
23:32 Castle Age
22:34 Man-at-Arms
24:32 Light Cavalry
25:32 Squires
RYOUSHI HAN
14:37 Feudal Age
15:20 Double-Bit Axe
22:03 Castle Age
24:28 Horse Collar
26:18 Bow Saw
26:04 Gold Mining
Sir Cristian
17:22 Feudal Age
18:01 Double-Bit Axe
17:59 Man-at-Arms
23:08 Loom
Connection lost

Rejoining the realm…

Still unreachable

The connection could not be restored.

Session expired

The server has moved on; the page needs a fresh start.